 Dungeon Crawl Stone Soup version 0.31-a0-177-g4aa6249778 (webtiles) character file.

Game seed: 15593161704081936596

1340 qw the Chopper (level 8, -10/49 HPs)
             Began as a Gargoyle Fighter on June 18, 2023.
             Was a Follower of Okawaru.
             Killed from afar by Erica (35 damage)
             ... with a lance of force
             ... on level 8 of the Dungeon.
             The game lasted 00:02:23 (4959 turns).

qw the Chopper (Gargoyle Fighter)                   Turns: 4959, Time: 00:02:24

Health: -10/49     AC: 17    Str: 22    XL:     8   Next: 62%
Magic:  9/9        EV: 10    Int: 12    God:    Okawaru [*.....]
Gold:   273        SH: 10    Dex: 15    Spells: 7/7 levels left

rFire   . . .        Y - +2 war axe
rCold   . . .        c - +0 buckler
rNeg    + + .        b - +0 scale mail
rPois   inf          k - +2 helmet
rElec   +            l - +1 cloak
rCorr   .            (no gloves)
SInv    .            (no boots)
Will    +....        j - amulet of reflection Stlth
                     g - ring of positive energy
HPRegen 0.28/turn    e - ring of Jadiacka {Will+ Int+3 Dex+6}
MPRegen 0.11/turn

%: reflection
@: slowed, very slow
A: sickness immunity, AC +5, negative energy resistance 1, electricity
resistance, torment resistance 1, petrification resistance
a: Renounce Religion, Heroism


You were on level 8 of the Dungeon.
You worshipped Okawaru.
Okawaru was aware of your devotion.
You visited 2 branches of the dungeon, and saw 9 of its levels.

You collected 273 gold pieces.


Innate Abilities, Weirdness & Mutations

You are immune to sickness and miasma.
Your stone body is resilient. (AC +5)
You are immune to poison.
You resist negative energy. (rN+)
You are resistant to electric shocks. (rElec)
You are resistant to unholy torment.
You are immune to petrification.


   Skills:
 - Level 5.3 Fighting
 + Level 7.8 Axes
 - Level 2.1 Throwing
 - Level 3.2 Armour
 - Level 2.0 Dodging
 - Level 3.2 Shields
 + Level 2.4 Invocations


You had 7 spell levels left.
You didn't know any spells.
Your spell library was empty.

Inventory:

Hand Weapons
 a - a +0 morningstar
 Y - a +2 war axe (weapon)
Missiles
 p - 8 boomerangs (quivered)
Armour
 b - a +0 scale mail (worn)
 c - a +0 buckler (worn)
 k - a +2 helmet (worn)
 l - a +1 cloak (worn)
Jewellery
 e - the ring of Jadiacka (right hand) {Will+ Int+3 Dex+6}
   (You found it on level 3 of the Dungeon)

   [ring of dexterity]

   Int:       It affects your intelligence (+3).
   Dex:       It affects your dexterity (+6).
   Will:      It increases your willpower.
 g - a ring of positive energy (left hand)
 j - an amulet of reflection (around neck)
 s - a ring of ice
Scrolls
 n - a scroll of identify
Potions
 d - 3 potions of might
 f - 2 potions of curing
 i - a potion of lignification
 m - a potion of resistance
 o - a potion of mutation {unknown}
 q - a potion of invisibility {unknown}
 r - a potion of attraction {unknown}

Dungeon Overview and Level Annotations

Branches:
Dungeon (8/15)             Temple (1/1) D:6
   Lair: D:8-11

Altars:
Ashenzari
Cheibriados
Gozag
Hepliaklqana
Kikubaaqudgha
Makhleb
Nemelex Xobeh
Okawaru
Qazlal
Sif Muna
Trog
Uskayaw
Vehumet
Wu Jian
Yredelemnul
The Shining One

Annotations:
D:4 1 runed translucent door, qw's ghost, amateur GrFi
D:8 Erica


Message History

Something hits you. Something burns you.
You hit something.
You hear some strange, mumbled words.
A lance of force appears from out of thin air!
The lance of force hits you!
You are knocked back by the lance of force.
You slam into the rock wall!
Found a golden potion.
You swing at nothing.
You swing at nothing.
You swing at nothing.
You slash something! Something hits you. Something burns you.
You barely miss something.
You hear some strange, mumbled words.
You are confused.
You barely miss something. Something barely misses you.
You slash something! You miss something. Something hits you but does no damage.
You miss something. Something hits you. Something burns you.
You completely miss something.
You hear some strange, mumbled words.
A bolt of poison appears from out of thin air!
The bolt of poison hits you but does no damage.
You resist.
You slash something!
You feel less confused.
You feel like a meek peon again. Something hits you. Something burns you.
You closely miss something.
You hear some strange, mumbled words.
You feel yourself slow down.
You barely miss something.
You hear some strange, mumbled words.
A lance of force appears from out of thin air!
The lance of force hits you!!
Ouch! That really hurt!
You die...

..... ..## ..
###.#.##...#
...#...#......# .
..#..[......# .. .
.....#........!.
.. #..#....#.....
...##......##....
.........<.#..#
..........@...#
.##.....{...##
##.#......## #
#.......#
#..).........
#..............
...)###.$......#..
... .........##.
.. .........##


There were no monsters in sight!

Vanquished Creatures
  An ice beast (D:5)
  2 ogres
  A centaur (D:6)
  2 phantoms
  A bullfrog (D:7)
  A howler monkey (D:7)
  4 hounds
  An iron imp (D:5)
  An orc priest (D:5)
  2 jellies (D:6)
  4 iguanas
  6 orc wizards
  10 adders
  A white imp (D:5)
  4 worms
  8 dart slugs
  30 orcs
  8 ball pythons
  A bat (D:2)
  7 endoplasms
  5 giant cockroaches
  2 goblins
  11 hobgoblins
  4 jackals
  2 quokkas (D:3)
  6 kobolds
  8 rats
133 creatures vanquished.

Notes
Turn   | Place    | Note
-------+----------+-------------------------------------------
     0 | D:1      | qw the Gargoyle Fighter began the quest for the Orb.
     0 | D:1      | Reached XP level 1. HP: 14/14 MP: 1/1
     0 | D:1      | 0 ||| qw: Version: 0.3-a-7-ge0c9b40
     0 | D:1      | 0 ||| qw: Game counter: 811
     0 | D:1      | 0 ||| qw: Always use a shield: true
     0 | D:1      | 0 ||| qw: God list: Okawaru
     0 | D:1      | 0 ||| qw: Allow faded altars: false
     0 | D:1      | 0 ||| qw: Do Orc after D:15 true
     0 | D:1      | 0 ||| qw: Do second Lair branch before Depths: true
     0 | D:1      | 0 ||| qw: Lair rune preference: random
     0 | D:1      | 0 ||| qw: Plans: Normal, Zot:1-4, Slime:5, God:TSO, Crypt,
                  | Tomb, Abyss, Pan, Hells, Win
     0 | D:1      | 0 ||| PLANNING D:1-11
    28 | D:1      | 28 ||| Stepping ~*~*~tactically~*~*~ (hiding).
    30 | D:1      | 30 ||| Stepping ~*~*~tactically~*~*~ (hiding).
   150 | D:1      | Reached skill level 2 in Axes
   167 | D:1      | Reached XP level 2. HP: 13/19 MP: 2/2
   287 | D:1      | 287 ||| Stepping ~*~*~tactically~*~*~ (hiding).
   410 | D:1      | 410 ||| Stepping ~*~*~tactically~*~*~ (hiding).
   464 | D:1      | 464 ||| Stepping ~*~*~tactically~*~*~ (hiding).
   661 | D:1      | Reached skill level 3 in Axes
   721 | D:1      | Reached XP level 3. HP: 23/23 MP: 3/3
   722 | D:1      | 722 ||| Stepping ~*~*~tactically~*~*~ (stealth).
   723 | D:1      | 723 ||| Stepping ~*~*~tactically~*~*~ (stealth).
  1026 | D:1      | 1026 ||| UPGRADING to amulet of reflection.
  1031 | D:1      | 1031 ||| READING scroll labelled TUCUBE MEAMAU.
  1032 | D:1      | 1032 ||| READING scroll labelled TIMNUNW KATS.
  1033 | D:1      | 1033 ||| READING scroll labelled BUL PEUXAHAY.
  1034 | D:1      | 1034 ||| DRINKING 2 blue potions.
  1035 | D:1      | 1035 ||| DRINKING 2 orange potions.
  1036 | D:1      | 1036 ||| DRINKING 2 amethyst potions.
  1213 | D:2      | 1213 ||| Stepping ~*~*~tactically~*~*~ (hiding).
  1241 | D:2      | 1241 ||| Stepping ~*~*~tactically~*~*~ (stealth).
  1255 | D:2      | Reached XP level 4. HP: 28/28 MP: 4/4
  1369 | D:2      | 1369 ||| Stepping ~*~*~tactically~*~*~ (hiding).
  1370 | D:2      | 1370 ||| Stepping ~*~*~tactically~*~*~ (hiding).
  1431 | D:2      | 1431 ||| DROPPING +0 mace.
  1469 | D:2      | 1469 ||| Stepping ~*~*~tactically~*~*~ (stealth).
  1477 | D:2      | Reached skill level 4 in Axes
  1671 | D:2      | 1671 ||| UPGRADING to +2 helmet.
  1676 | D:2      | 1676 ||| UPGRADING to ring of positive energy.
  1677 | D:2      | 1677 ||| READING scroll labelled YRIXKOMMYIN.
  1678 | D:2      | 1678 ||| READING 2 scrolls labelled SAL COMEJAO.
  1679 | D:2      | 1679 ||| READING 2 scrolls labelled SEDACE QEGYRE.
  1680 | D:2      | 1680 ||| READING scroll of enchant weapon.
  1680 | D:2      | 1680 ||| ENCHANTING +1 war axe.
  1681 | D:2      | 1681 ||| DROPPING scroll of fog.
  1722 | D:3      | HP: 6/28 [orc/+0 flail (5)]
  1723 | D:3      | 1723 ||| DRINKING potion of heal wounds.
  1763 | D:3      | Found a faded altar of an unknown god.
  1832 | D:3      | Identified the ring of Jadiacka {Will+ Int+3 Dex+6}
  1854 | D:3      | Reached XP level 5. HP: 32/32 MP: 5/5
  1921 | D:3      | 1921 ||| Stepping ~*~*~tactically~*~*~ (stealth).
  1923 | D:3      | 1923 ||| Stepping ~*~*~tactically~*~*~ (stealth).
  1955 | D:3      | Found an ornate altar of the Wu Jian Council.
  2100 | D:3      | 2100 ||| UPGRADING to ring of Jadiacka {Will+ Int+3 Dex+6}.
  2174 | D:4      | 2174 ||| Stepping ~*~*~tactically~*~*~ (hiding).
  2183 | D:4      | Reached skill level 1 in Dodging
  2201 | D:4      | Reached skill level 5 in Axes
  2227 | D:4      | Noticed an ogre
  2233 | D:4      | Killed an ogre
  2234 | D:4      | Reached XP level 6. HP: 39/39 MP: 6/6
  2235 | D:4      | 2235 ||| Stepping ~*~*~tactically~*~*~ (hiding).
  2245 | D:4      | Identified the +0 short sword "Tezoixuo" {flame, rF- Str+5
                  | SInv}
  2444 | D:4      | 2444 ||| Stepping ~*~*~tactically~*~*~ (hiding).
  2446 | D:4      | 2446 ||| Stepping ~*~*~tactically~*~*~ (hiding).
  2597 | D:4      | Found a runed translucent door.
  2603 | D:4      | Noticed qw's ghost (amateur GrFi)
  2838 | D:4      | 2838 ||| UPGRADING to +0 cloak.
  2843 | D:4      | 2843 ||| READING scroll of enchant armour.
  2843 | D:4      | 2843 ||| ENCHANTING +0 cloak.
  2844 | D:4      | 2844 ||| DROPPING ring of magical power.
  2845 | D:4      | 2845 ||| READING scroll labelled ERIATA CEK EWK.
  2872 | D:4      | 2872 ||| READING scroll labelled XOIRHO JUXO.
  2873 | D:4      | 2873 ||| READING 2 scrolls of identify.
  2873 | D:4      | 2873 ||| IDENTIFYING fuming puce potion
  2874 | D:4      | 2874 ||| DROPPING potion of berserk rage.
  2897 | D:5      | Entered Level 5 of the Dungeon
  2903 | D:5      | 2903 ||| DRINKING 2 potions of curing.
  2903 | D:5      | 2903 ||| (to cure confusion)
  2960 | D:5      | 2960 ||| DROPPING +0 flail.
  2989 | D:5      | 2989 ||| Stepping ~*~*~tactically~*~*~ (stealth).
  3097 | D:5      | Reached XP level 7. HP: 39/44 MP: 7/7
  3106 | D:5      | Reached skill level 6 in Axes
  3289 | D:5      | Found a snail-covered altar of Cheibriados.
  3328 | D:5      | 3328 ||| Stepping ~*~*~tactically~*~*~ (hiding).
  3469 | D:5      | 3469 ||| READING scroll labelled HILOIL JIPS.
  3470 | D:5      | 3470 ||| DRINKING 2 yellow potions.
  3471 | D:5      | 3471 ||| DROPPING potion of brilliance.
  3497 | D:6      | Reached skill level 7 in Axes
  3625 | D:6      | Found a staircase to the Ecumenical Temple.
  3626 | D:6      | 3626 ||| PLANNING TEMPLE
  3632 | Temple   | Entered the Ecumenical Temple
  3733 | Temple   | 3733 ||| PLANNING OKAWARU WORSHIP
  3861 | Temple   | Became a worshipper of Warmaster Okawaru
  3862 | Temple   | 3862 ||| PLANNING D:1-11
  3940 | D:6      | Reached XP level 8. HP: 49/49 MP: 8/8
  3946 | D:6      | 3946 ||| Stepping ~*~*~tactically~*~*~ (hiding).
  3947 | D:6      | 3947 ||| Stepping ~*~*~tactically~*~*~ (hiding).
  4125 | D:6      | Reached * piety under Okawaru
  4211 | D:6      | 4211 ||| READING scroll labelled ZANUSY BEWN.
  4212 | D:6      | 4212 ||| READING 2 scrolls of identify.
  4212 | D:6      | 4212 ||| IDENTIFYING clear potion
  4305 | D:7      | Found a radiant altar of Vehumet.
  4399 | D:7      | Reached skill level 1 in Invocations
  4906 | D:7      | 4906 ||| READING scroll labelled JAWEWN QUIM.
  4907 | D:7      | 4907 ||| READING scroll labelled XAWAPPOESA.
  4908 | D:7      | 4908 ||| READING 2 scrolls of identify.
  4908 | D:7      | 4908 ||| IDENTIFYING red potion
  4909 | D:7      | 4909 ||| DROPPING potion of ambrosia.
  4925 | D:8      | 4925 ||| PLANNING OSSUARY
  4932 | D:8      | 4932 ||| Stepping ~*~*~tactically~*~*~ (hiding).
  4934 | D:8      | Noticed Erica
  4935 | D:8      | 4935 ||| INVOKING Heroism.
  4959 | D:8      | Killed from afar by Erica

Levels and vault maps discovered:
D:1:      mushboom_english_gardens, layout_loops_cross
D:2:      layout_rooms, minmay_circled_x
D:3:      layout_rooms, pdpol_wu_jian_five_deadly_venoms,
          hellmonk_ecumenical_altar_defaced_shrine
D:4:      layout_layer_cave, ebering_ghost_reflecting_pool
D:5:      layout_cave_pools, slow_altar_1, minmay_crystal_room,
          solitary_fountain, grunt_ministairs_13
D:6:      layout_rooms, minmay_temple_entry_hall, nicolae_underground_beach
D:7:      layout_basic, mainiacjoe_overflow_cross_hatched
D:8:      layout_cave_pools, mainiacjoe_overflow_tiny_flanked, kennysheep_mini,
          nicolae_ossuary_entry_monument, uniq_prince_ribbit1, uniq_erica
Temple:   nicolae_temple_figure_eight

Skill      XL: |  1  2  3  4  5  6  7  8 |
---------------+-------------------------+-----
Axes           | 2 3 4 5 7 |  7.8
Dodging        | 1 2 |  2.0
Fighting       | 4 5 |  5.3
Throwing       | 2 |  2.1
Invocations    | 2 |  2.4
Armour         | |  3.2
Shields        | |  3.2

Action                     |  1- 3 |  4- 6 |  7- 9 || total
---------------------------+-------+-------+-------++-------
  Melee: War axe           |    91 |   103 |   127 ||   321
  Throw: Boomerang         |       |    59 |    45 ||   104
 Invoke: Heroism           |       |       |     1 ||     1
    Use: Scroll            |     3 |     8 |     6 ||    17
         Potion            |     3 |     2 |     1 ||     6
 Armour: Scale mail        |    41 |    38 |    62 ||   141
  Dodge: Dodged            |    29 |    48 |    31 ||   108
  Block: Buckler           |    19 |    66 |    55 ||   140
         Reflection        |     1 |     1 |     1 ||     3

Table legend:
 A = Non-vault XP
 B = Vault XP
 C = Vault XP percentage of total XP
 D = Non-vault monster count
 E = Vault monster count
 F = Vault count percentage of total count
                 A         B        C        D         E       F
            +---------+---------+-------+---------+---------+-------
      Total |    1718 |     197 |  10.3 |     118 |      15 |  11.3
            +---------+---------+-------+---------+---------+-------
        D:1 |      46 |       0 |   0.0 |      25 |       0 |   0.0
        D:2 |      45 |      13 |  22.4 |      15 |       4 |  21.1
        D:3 |      69 |      12 |  14.8 |      24 |       4 |  14.3
        D:4 |     228 |       0 |   0.0 |      13 |       0 |   0.0
        D:5 |     363 |     172 |  32.1 |      19 |       7 |  26.9
        D:6 |     636 |       0 |   0.0 |      15 |       0 |   0.0
        D:7 |     290 |       0 |   0.0 |       4 |       0 |   0.0
        D:8 |      41 |       0 |   0.0 |       3 |       0 |   0.0
            +---------+---------+-------+---------+---------+-------
